 Dungeon Crawl Stone Soup version 0.23.2-33-g5129a83184 (webtiles) character file.

Game seed: 3375394362445643867

55 Gwenloh the Poker (level 3, -3/27 HPs)
             Began as a Merfolk Skald on July 9, 2019.
             Slain by a hobgoblin
             ... wielding a +0 flail
              (4 damage)
             ... on level 2 of the Dungeon.
             The game lasted 00:05:40 (1451 turns).

Gwenloh the Poker (Merfolk Skald)                   Turns: 1451, Time: 00:05:41

Health: -3/27      AC:  4    Str: 11    XL:     3   Next: 93%
Magic:  6/6        EV: 13    Int: 13    God:
Gold:   121        SH:  0    Dex: 13    Spells: 3/6 levels left

rFire    . . .     SeeInvis .   a - +1 spear
rCold    . . .     Gourm    .   (no shield)
rNeg     . . .     Faith    .   l - +1 leather armour
rPois    .         Spirit   .   (no helmet)
rElec    .         Reflect  .   (no cloak)
rCorr    .         Harm     .   (no gloves)
MR       .....                  (no boots)
Stlth    +.........             (no amulet)
HPRegen  0.09/turn              (no ring)
MPRegen  0.10/turn              (no ring)

@: no status effects
A: change form in water, swift swim, stealthy swim
a: no special abilities


You were on level 2 of the Dungeon.
You were not hungry.

You visited 1 branch of the dungeon, and saw 3 of its levels.

You collected 121 gold pieces.

Inventory:

Hand Weapons
 a - a +1 spear (weapon)
 b - a +0 hunting sling
Missiles
 f - 41 sling bullets
 h - 191 stones (quivered)
Armour
 l - a +1 leather armour (worn)
Jewellery
 g - a +4 ring of dexterity {unknown}
Wands
 n - a wand of paralysis (6)
Scrolls
 c - a scroll of enchant armour
 k - a scroll of enchant weapon
 o - a scroll of teleportation {unknown}
Potions
 e - a potion of flight
 i - a potion of curing {unknown}
 m - a potion of berserk rage {unknown}
Comestibles
 d - 5 rations
 j - 11 chunks of flesh


   Skills:
 - Level 2.1 Fighting
 + Level 3.9 Polearms
 + Level 1.3 Armour
 + Level 3.4 Dodging
 - Level 2.0 Spellcasting
 + Level 3.8 Charms
 + Level 0.1 Translocations


You had 3 spell levels left.
You knew the following spells:

 Your Spells              Type           Power        Failure   Level  Hunger
a - Infusion              Chrm           ##..         7%          1    ##.....
b - Shroud of Golubria    Chrm/Tloc      #.........   22%         2    ###....

Your spell library contained the following spells:

 Spells                   Type           Power        Failure   Level  Hunger
 Song of Slaying          Chrm           ##......     11%         2    ###....
 Regeneration             Chrm/Necr      #.........   41%         3    ####...
 Spectral Weapon          Hex/Chrm       #.......     41%         3    ####...


Dungeon Overview and Level Annotations

Branches:
Dungeon (3/15)

Altars:


Message History

Things that are here:
a worm corpse; a rat corpse; a kobold corpse Butcher a worm corpse? [(y)es/(n)o/(a)ll/(q)uit/?]
You butcher the worm corpse.
You butcher the rat corpse.
j - 10 chunks of flesh (gained 3);
j - 11 chunks of flesh (gained 1)
Things that are here:
a rat skeleton; a kobold corpse You start resting.
A hobgoblin comes into view. It is wielding a +0 flail.
The hobgoblin shouts!
You are too injured to fight recklessly!
The hobgoblin closely misses you.
You hit the hobgoblin but do no damage. The hobgoblin hits you with a +0 flail!
* * * LOW HITPOINT WARNING * * *
You hit the hobgoblin but do no damage. You hit the hobgoblin.
The hobgoblin is severely wounded.
The hobgoblin hits you with a +0 flail.
You die...

#..####...'....####...#
#..# #.#.#....#......#
#..# #.#.#....#......#
... #.#.#....#......# #
##.#.#....#..)...' ...
....#....#......#
....####.###....#...####
##.......###....#...#
......g@........#...#
............#####...#
.......####รท# #...#
###.#.. #.# #...# ......
#.# #...# #####.. #.#
#...## #.. #.# #....#
#.. ..# ##...# #.# #[..#


You could see a hobgoblin.

Vanquished Creatures
  An ooze (D:1)
  2 worms
  3 leopard geckos (D:1)
  An orc (D:3)
  5 bats
  3 giant cockroaches (D:1)
  3 goblins
  3 hobgoblins
  8 kobolds
  7 frilled lizards
  5 rats
41 creatures vanquished.

Notes
Turn   | Place    | Note
-------+----------+-------------------------------------------
     0 | D:1      | Gwenloh the Merfolk Skald began the quest for the Orb.
     0 | D:1      | Reached XP level 1. HP: 16/16 MP: 3/3
     9 | D:1      | Noticed an electric eel
   189 | D:1      | Reached XP level 2. HP: 22/22 MP: 5/5
   244 | D:1      | Reached skill level 1 in Armour
   430 | D:1      | Reached XP level 3. HP: 27/27 MP: 6/6
  1192 | D:2      | Learned a level 2 spell: Shroud of Golubria
  1232 | D:2      | You fall through a shaft!
  1449 | D:2      | HP: 1/27 [hobgoblin/+0 flail (9)]
  1451 | D:2      | Slain by a hobgoblin

Skill      XL: |  1  2 |
---------------+-------+-----
Dodging        | 3 |  3.4
Armour         | 1 |  1.3
Fighting       | |  2.1
Polearms       | |  3.9
Spellcasting   | |  2.0
Charms         | |  3.8
Translocations | |  0.1

Action                   || total
-------------------------++-------
Melee: Spear             ||   164
  Use: Scroll            ||     5
 Stab: Sleeping          ||     3
       Distracted        ||     1
  Eat: Chunk             ||     2
Armor: Leather armour    ||    26
Dodge: Dodged            ||    68
